 Dungeon Sprint DCSS version 0.30-a0-859-gf88a04b62d (webtiles) character file.

Game seed: 16946861397220901027

5896 BigDaddyOpFi the Barachian Aeon (level 10, -23/92 HPs)
             Began as a Barachi Fighter on Mar 6, 2023.
             Was the Champion of Cheibriados.
             Killed from afar by a rakshasa (illusionary) (31 damage)
             ... with a lance of force
             ... in the Dungeon (Sprint VII: "The Pits").
             The game lasted 00:02:46 (2048 turns).

BigDaddyOpFi the Barachian Aeon (Barachi Fighter)   Turns: 2048, Time: 00:02:46

Health: -23/92     AC: 19    Str: 39    XL:     10   Next: 82%
Magic:  12/20      EV:  8    Int: 27    God:    Cheibriados [******]
Gold:   0          SH:  9    Dex: 27    Spells: 9/9 levels left

rFire   . . .      SeeInvis .    p - +1 broad axe (heavy)
rCold   . . .      Faith    .    c - +0 buckler
rNeg    . . .      Spirit   .    f - +2 plate armour
rPois   .          Reflect  .    (no helmet)
rElec   .          Rampage  .    (no cloak)
rCorr   .          NoTele   +    (no gloves)
Will    .....                    o - +0 pair of boots Stlth
                                 (no amulet)
HPRegen 0.35/turn                b - +3 ring of intelligence
MPRegen 0.17/turn                l - +3 ring of strength

@: very slow
A: amphibious, slowness 1, strong legs 1, +LOS
a: Hop, Renounce Religion, Bend Time, Temporal Distortion, Slouch, Step From
Time


You were in the Dungeon.
You worshipped Cheibriados.
Cheibriados was exalted by your worship.
You visited 1 branch

Inventory:

Hand Weapons
 p - a +1 heavy broad axe (weapon)
Armour
 c - a +0 buckler (worn)
 f - a +2 plate armour (worn)
 o - a +0 pair of boots (worn)
Jewellery
 b - a +3 ring of intelligence (left hand)
 l - a +3 ring of strength (right hand)
Scrolls
 j - a scroll of blinking
Potions
 d - 6 potions of curing
 e - 8 potions of heal wounds
 g - a potion of haste
 h - 4 potions of magic
 i - 3 potions of berserk rage
 k - 2 potions of invisibility
 m - 2 potions of brilliance


   Skills:
 + Level 13.0 Fighting
 + Level 11.7 Axes
 + Level 13.2 Armour
 + Level 12.0 Shields
 * Level 13.3 Invocations


You had 9 spell levels left.
You didn't know any spells.
Your spell library was empty.

Dungeon Overview and Level Annotations

Branches:
Dungeon (1/1)

Altars:
Ashenzari
Cheibriados
Dithmenos
Elyvilon
Fedhas
Gozag
Hepliaklqana
Kikubaaqudgha
Makhleb
Nemelex Xobeh
Okawaru
Qazlal
Ru
Sif Muna
Trog
Uskayaw
Vehumet
Wu Jian
Xom
Yredelemnul
Zin
The Shining One
Jiyva
Lugonu


Innate Abilities, Weirdness & Mutations

You are amphibious.
You cover ground slowly.
You can hop short distances.
You have an extended range of vision and can be seen from far away.


Message History

a +0 whip; a +0 robe; a dream sheep corpse You slice the rakshasa!!
You kill the rakshasa!
The rakshasa shimmers and vanishes!
You block the rakshasa's attack.
The rakshasa hits you with a +0 trident!
* * * LOW HITPOINT WARNING * * *
You slash the rakshasa!
The rakshasa is moderately wounded.
The rakshasa hits you with a +0 trident!
* * * LOW HITPOINT WARNING * * *
The rakshasa blinks!
You feel much better.
The rakshasa blinks!
You feel much better.
Things that are here:
a +0 whip; a +0 robe; a dream sheep corpse The rakshasa hits you but does no damage.
The rakshasa gestures at you. The lance of force hits you!!
* * * LOW HITPOINT WARNING * * *
There is an open door, spattered with blood here.
The flow of time bends around you.
The rakshasa hits you from afar with a +0 trident.
* * * LOW HITPOINT WARNING * * *
Activating: Slouch (0% risk of failure)
Press: ? - help, Dir - look around, f - activate You can feel time thicken for a moment.
You block the rakshasa's attack. x2
You barely miss the rakshasa.
The rakshasa is heavily wounded.
The rakshasa misses you.
The rakshasa hits you but does no damage.
You closely miss the rakshasa.
The rakshasa is heavily wounded.
The rakshasa hits you with a +0 trident!
* * * LOW HITPOINT WARNING * * *
The rakshasa hits you from afar with a +0 trident!
* * * LOW HITPOINT WARNING * * *
The rakshasa gestures at you. The lance of force hits you!!
You die...

............+ ..#..#......#
............# #####''######
...##''### ####### ####
...##.(..##..+...##...###
...##...##...#..##......##
...##..##...##..#.†.†....##
...##..#...##...@)........#
...##..'..##...R###..†....#
...##.##.)#)..†R..###......
#######...'.........# .....
#### #....#....####..# ....
...##..#..##..##..##..+ ...
.[[##.###..##.'....+ .# ..
.))####.##..#.##..## # .
.))# #.).'..+.. ##


You could see 2 rakshasas.

Vanquished Creatures
  A rakshasa (D)
  An anaconda (D)
  A phantasmal warrior (D)
  A deep elf zephyrmancer (D)
  A cyclops (D)
  A lindwurm (D)
  An orange demon (D)
  A kobold demonologist (D)
  A hornet (D)
  4 dream sheep (D)
  2 ynoxinuls (D)
  2 steam dragons (D)
  A warg (D)
  A swamp drake (D)
  2 sky beasts (D)
  2 ice beasts (D)
  A wolf (D)
  A kobold brigand (D)
  A phantom (D)
  A scorpion (D)
  A killer bee (D)
  A crimson imp (D)
  2 hounds (D)
  2 gnolls (D)
  An adder (D)
  A river rat (D)
  2 white imps (D)
  2 ufetubi (D)
  An adder zombie (D)
  An orc (D)
  A bat (D)
  A goblin (D)
  2 quokkas (D)
  A ball python skeleton (D)
  A ball python zombie (D)
47 creatures vanquished.

Vanquished Creatures (others)
  A sky beast (D)
1 creature vanquished.

Grand Total: 48 creatures vanquished

Notes
Turn   | Place    | Note
-------+----------+-------------------------------------------
     0 | D        | BigDaddyOpFi the Barachi Fighter began the quest for the
                  | Orb.
     0 | D        | Reached XP level 1. HP: 18/18 MP: 1/1
    15 | D        | Found a bloodstained altar of Trog.
    15 | D        | Found a shimmering blue altar of Sif Muna.
    15 | D        | Found a viscous altar of Jiyva.
    15 | D        | Found a hazy altar of Hepliaklqana.
    15 | D        | Found an opulent altar of Gozag.
    16 | D        | Found a glowing golden altar of the Shining One.
    16 | D        | Found a glowing silver altar of Zin.
    16 | D        | Found a basalt altar of Yredelemnul.
    16 | D        | Found a shimmering altar of Xom.
    16 | D        | Found an ornate altar of the Wu Jian Council.
    16 | D        | Found a radiant altar of Vehumet.
    16 | D        | Found a sacrificial altar of Ru.
    16 | D        | Found a stormy altar of Qazlal.
    16 | D        | Found an iron altar of Okawaru.
    16 | D        | Found a sparkling altar of Nemelex Xobeh.
    16 | D        | Found a burning altar of Makhleb.
    16 | D        | Found a corrupted altar of Lugonu.
    16 | D        | Found a blossoming altar of Fedhas.
    16 | D        | Found a white marble altar of Elyvilon.
    16 | D        | Found a shadowy altar of Dithmenos.
    16 | D        | Found a snail-covered altar of Cheibriados.
    17 | D        | Found a hide-covered altar of Uskayaw.
    17 | D        | Found an ancient bone altar of Kikubaaqudgha.
    17 | D        | Found a broken altar of Ashenzari.
    24 | D        | Became a worshipper of Cheibriados the Contemplative
    65 | D        | Reached XP level 2. HP: 25/25 MP: 2/2
    70 | D        | Reached * piety under Cheibriados
    83 | D        | Reached skill level 5 in Fighting
    83 | D        | Reached skill level 5 in Armour
    83 | D        | Reached XP level 3. HP: 16/33 MP: 3/3
   324 | D        | Noticed a scorpion
   326 | D        | Reached ** piety under Cheibriados
   332 | D        | Killed a scorpion
   333 | D        | Reached skill level 5 in Shields
   333 | D        | Reached XP level 4. HP: 32/40 MP: 3/6
   445 | D        | Noticed a sky beast
   455 | D        | Killed a sky beast
   456 | D        | Reached skill level 5 in Axes
   456 | D        | Reached XP level 5. HP: 29/47 MP: 6/8
   456 | D        | Reached *** piety under Cheibriados
   460 | D        | Reached **** piety under Cheibriados
   657 | D        | Noticed a sky beast
   669 | D        | Killed a sky beast
   669 | D        | Reached ***** piety under Cheibriados
   670 | D        | Reached skill level 5 in Invocations
   670 | D        | Reached XP level 6. HP: 41/55 MP: 8/10
   807 | D        | Noticed an ice beast
   810 | D        | Killed an ice beast
   822 | D        | Reached ****** piety under Cheibriados
   823 | D        | Reached XP level 7. HP: 48/62 MP: 12/12
  1133 | D        | Noticed a ynoxinul
  1156 | D        | Killed a ynoxinul
  1357 | D        | Noticed a cyclops
  1359 | D        | Noticed an orange demon
  1361 | D        | Reached XP level 8. HP: 51/71 MP: 14/14
  1366 | D        | Killed a cyclops
  1367 | D        | Reached skill level 10 in Armour
  1370 | D        | Killed an orange demon
  1371 | D        | Reached skill level 10 in Fighting
  1371 | D        | Reached skill level 10 in Invocations
  1574 | D        | Noticed a lindwurm
  1577 | D        | Reached XP level 9. HP: 61/79 MP: 10/16
  1583 | D        | Killed a lindwurm
  1584 | D        | Reached skill level 10 in Shields
  1584 | D        | Noticed a deep elf zephyrmancer
  1587 | D        | Killed a deep elf zephyrmancer
  1588 | D        | Reached skill level 10 in Axes
  1707 | D        | Noticed a kobold demonologist
  1707 | D        | Noticed a hornet
  1709 | D        | Killed a hornet
  1717 | D        | Killed a kobold demonologist
  1855 | D        | Noticed an anaconda
  1858 | D        | Killed an anaconda
  1859 | D        | Reached XP level 10. HP: 82/89 MP: 12/19
  1948 | D        | Noticed a phantasmal warrior
  1959 | D        | Killed a phantasmal warrior
  2022 | D        | Noticed a rakshasa
  2025 | D        | Noticed a rakshasa
  2036 | D        | Killed a rakshasa
  2040 | D        | HP: 4/92 [rakshasa/+0 trident (17)]
  2048 | D        | Killed from afar by a rakshasa (illusionary)

Illustrated notes

Levels and vault maps discovered:
D:        pitsprint [storerooms_1, entrance_room_1, metal_vault_7, armoury_2,
          mini_pit_1, grid_room_1, main_hall_1, silver_pit, the_coven_1,
          the_vestibule_1, steel_vault_1, golden_pit, hallway_of_sentries,
          crystal_vault_6, iron_vault_1, final_vault]

Skill      XL: |  1  2  3  4  5  6  7  8  9 10 |
---------------+-------------------------------+-----
Fighting       | 4 5 6 7 8 9 10 12 13 | 13.0
Armour         | 4 5 6 7 8 9 10 12 13 | 13.2
Axes           | 3 4 5 6 7 8 9 10 11 | 11.7
Shields        | 4 5 6 7 8 9 11 12 | 12.0
Invocations    | 2 4 5 7 8 10 12 13 | 13.3

Action                     |  1- 3 |  4- 6 |  7- 9 | 10-12 || total
---------------------------+-------+-------+-------+-------++-------
  Melee: War axe           |    33 |    40 |    31 |       ||   104
         Broad axe         |       |       |    27 |    22 ||    49
 Invoke: Slouch            |       |       |     5 |     3 ||     8
         Bend Time         |       |       |       |     1 ||     1
    Use: Potion            |     1 |     2 |       |     5 ||     8
 Armour: Scale mail        |    12 |    10 |       |       ||    22
         Plate armour      |       |    27 |    38 |    13 ||    78
  Dodge: Dodged            |    21 |    11 |    26 |    15 ||    73
  Block: Buckler           |    13 |     9 |    32 |    16 ||    70

Table legend: (Time is in decaauts)
 A = Elapsed time spent in this place.
 B = Non-inter-level travel time spent in this place.
 C = Inter-level travel time spent in this place.
 D = Time resting spent in this place.
 E = Time spent auto-exploring this place.
 F = Levels seen in this place.
 G = Mean time per level.
                   A        B        C        D        E       F      G
               +--------+--------+--------+--------+--------+-----+--------+
         Total |   2386 |   2243 |    143 |   1584 |      0 |   1 | 2386.0 |
       Dungeon |   2386 |   2243 |    143 |   1584 |      0 |   1 | 2386.0 |
               +--------+--------+--------+--------+--------+-----+--------+

Top non-repeatable levels by time:
       D: 2386 daAuts
